 Dungeon Crawl Stone Soup version 0.29-a0-322-g68df515428 (webtiles) character file.

Game seed: 6206164941779212251

9 Ajdolov the Caller (level 2, -1/11 HPs)
             Began as a Felid Summoner on Apr 9, 2022.
             Slain by a jackal (3 damage)
             ... on level 1 of the Dungeon.
             The game lasted 00:01:57 (289 turns).

Ajdolov the Caller (Felid Summoner)                  Turns: 289, Time: 00:01:58

Health: -1/11      AC:  1    Str:  4    XL:     2   Next: 6%
Magic:  0/6        EV: 17    Int: 16    God:
Gold:   25         SH:  0    Dex: 16    Spells: 4/5 levels left
                                        Lives:  0   Deaths: 0

rFire   . . .      SeeInvis +   (weapon unavailable)
rCold   . . .      Faith    .   (shield unavailable)
rNeg    . . .      Spirit   .   (body armour unavailable)
rPois   .          Reflect  .   (helmet unavailable)
rElec   .          Harm     .   (cloak unavailable)
rCorr   .          Rampage  .   (gloves unavailable)
Will    .....                   (boots unavailable)
Stlth   ++........              (no amulet)
HPRegen 0.03/turn               (no ring)
MPRegen 0.10/turn               (no ring)

@: quick
A: very small, claws 1, fangs 3, see invisible, speed 1, shaggy fur 1, stealthy
paws, no weapons or thrown items, no armour, multi-lived
a: no special abilities


You were on level 1 of the Dungeon.
You visited 1 branch of the dungeon, and saw 1 of its levels.

You collected 25 gold pieces.

Inventory:

Scrolls
 c - a scroll of immolation {unknown}
 d - a scroll of noise {unknown}
Potions
 a - a potion of magic
 b - a potion of berserk rage {unknown}


   Skills:
 - Level 2.6 Dodging
 - Level 2.6 Stealth
 - Level 2.0 Spellcasting
 * Level 4.5 Summonings


You had 4 spell levels left.
You knew the following spells:

 Your Spells              Type           Power      Damage    Failure   Level
a - Summon Small Mammal   Summ           64%        N/A       3%          1

Your spell library contained the following spells:

 Spells                   Type           Power      Damage    Failure   Level
 Call Imp                 Summ           16%        N/A       4%          2
 Call Canine Familiar     Summ           16%        N/A       10%         3
 Summon Guardian Golem    Hex/Summ       8%         N/A       24%         3
 Summon Lightning Spire   Summ/Air       8%         N/A       63%         4


Dungeon Overview and Level Annotations

Branches:
Dungeon (1/15)

Altars:


Innate Abilities, Weirdness & Mutations

You have sharp claws.
You have razor-sharp teeth.
You have supernaturally acute eyesight. (SInv)
You cover ground quickly. (Speed+)
You are covered in fur. (AC +1)
Your paws help you pounce on unaware monsters.
You are incapable of wielding weapons or throwing items.
You cannot wear armour.
You gain extra lives every three experience levels.


Message History

The jackal closely misses your rat.
Your rat bites the jackal.
The jackal bites your rat.
Your rat closely misses the jackal.
The jackal barely misses your rat. The jackal bites your rat.
Your rat dies!
Your rat's corpse disappears in a puff of smoke!
You see here 18 stones.
Casting: Summon Small Mammal (safe; 3% risk of failure)
Press: ? - help, Q - select action Dir - look around, f - activate
Casting: Summon Small Mammal (safe; 3% risk of failure)
Press: ? - help, Q - select action Dir - look around, f - activate The jackal closely misses you.
Your quokka bites the jackal.
Unknown command.
You swap places.
The jackal attacks as you move away! The jackal completely misses you.
The jackal bites your rat.
Your quokka bites the jackal.
The jackal dies!
What are your orders? t - Meow!
Orders for allies: a - Attack new target. r - Retreat! s - Stop attacking. g - Guard the area. f - Follow me.
Anything else - Cancel.
Gang up on whom?
Press: ? - help, Dir - move target, f - jackal
Aim: a jackal Attack!
Your rat closely misses the jackal.
Your quokka closely misses the jackal.
The jackal stops to sniff the ground.
The jackal bites your rat.
Your rat dies!
Your rat's corpse disappears in a puff of smoke!
Your quokka bites the jackal.
Something barely misses your quokka.
Casting: Summon Small Mammal (safe; 3% risk of failure)
Press: ? - help, Q - select action Dir - look around, f - activate The jackal bites your quokka but does no damage.
Something closely misses your quokka.
Your bat hits the jackal but does no damage.
The jackal completely misses your bat. The jackal bites you.
You die...

#..#.##..÷......†...#
#.##h.................#
..###.§.##..###.#..#.##.
.........#.####.#..#....
.#..#..#................
.#...#.##..####..##)..
#.>.#.##..####.....##.
#...#.....##...b.# #
#.#.##.#.h.#.#.@#
#...##.#.h.#.#h.#
#.#.##.#..(#.r.##
#...##(#..hh..##
#.#.#.........#
#...##........#
##.#.######.##..#
..........#.###...
..........#.# ####


You could see 3 jackals, a friendly quokka (summoned) and a friendly bat
(summoned).

Vanquished Creatures
  A jackal (D:1)
  A rat (D:1)
2 creatures vanquished.

Vanquished Creatures (collateral kills)
  2 jackals (D:1)
  A quokka (D:1)
  3 ball pythons (D:1)
  A bat (D:1)
7 creatures vanquished.

Grand Total: 9 creatures vanquished

Notes
Turn   | Place    | Note
-------+----------+-------------------------------------------
     0 | D:1      | Ajdolov the Felid Summoner began the quest for the Orb.
     0 | D:1      | Reached XP level 1. HP: 7/7 MP: 4/4
   187 | D:1      | Reached XP level 2. HP: 7/11 MP: 3/6
   289 | D:1      | Slain by a jackal

Illustrated notes

Levels and vault maps discovered:
D:1:      lemuel_arrival_hallway, layout_rooms,
          hangedman_abyss_or_decor_lesser_grid, minmay_cut_off

Action                   || total
-------------------------++-------
Melee: Unarmed           ||    13
 Cast: Summon Small Mamm ||    20
Armor: Skin              ||     1
Dodge: Dodged            ||    45

Table legend: (Time is in decaauts)
 A = Elapsed time spent in this place.
 B = Non-inter-level travel time spent in this place.
 C = Inter-level travel time spent in this place.
 D = Time resting spent in this place.
 E = Time spent auto-exploring this place.
 F = Levels seen in this place.
 G = Mean time per level.
                   A        B        C        D        E       F      G
               +--------+--------+--------+--------+--------+-----+--------+
         Total |    260 |    260 |      0 |      0 |    107 |   1 |  260.0 |
       Dungeon |    260 |    260 |      0 |      0 |    107 |   1 |  260.0 |
               +--------+--------+--------+--------+--------+-----+--------+

Top non-repeatable levels by time:
     D:1: 260 daAuts
